 Dungeon Crawl Stone Soup version 0.18.1-6-gd335043 (webtiles) character file.

10939 Moloch the Destroyer (level 11, -8/61 HPs)
             Began as an Octopode Fire Elementalist on May 17, 2016.
             Was a Believer of Vehumet.
             Mangled by a manticore (23 damage)
             ... on level 11 of the Dungeon.
             The game lasted 00:41:37 (13709 turns).

Moloch the Destroyer (Octopode Fire Elementalist)  Turns: 13709, Time: 00:41:37

Health: -8/61      AC:  1    Str:  8    XL:     11   Next: 69%
Magic:  19/23      EV:  7    Int: 20    God:    Vehumet [**....]
Gold:   534        SH:  0    Dex: 11    Spells: 6 memorised, 9 levels left

rFire  + . .     SeeInvis .     P - +4 hunting sling (flame)
rCold  . . .     Gourm    +     (no shield)
rNeg   . . .     Faith    .     (helmet restricted)
rPois  .         Spirit   .     O - amulet of the gourmand
rElec  .         Dismiss  .     w - ring of resist corrosion
rCorr  +         Reflect  .     J - ring of protection from fire
SustAt +         Harm     .     n - ring of sustain attributes
MR     .....     Rnd*Rage +     (no ring)
Stlth  +++.......               (no ring)
                                (no ring)
                                (no ring)
                                (no ring)

@: not resistant to hostile enchantments, fairly stealthy
A: almost no armour, amphibious, 8 rings, constrict 8, antennae 1, camouflage 1,
berserk 2, clumsy 1, gelatinous body 1
a: Renounce Religion


You were on level 11 of the Dungeon.
You worshipped Vehumet.
Vehumet was pleased with you.
You were completely stuffed.

You visited 2 branches of the dungeon, and saw 12 of its levels.
You also visited: Ossuary.

You collected 606 gold pieces.
You spent 72 gold pieces at shops.

Inventory:

Hand Weapons
 d - a +3 dagger
 p - a +0 blowgun
 P - a +4 hunting sling of flaming (weapon)
Missiles
 r - 358 stones (quivered)
 H - 35 poisoned needles
 L - 3 curare-tipped needles
Jewellery
 c - an uncursed ring of ice
 n - a ring of sustain attributes (on tentacle)
 w - a ring of resist corrosion (left tentacle)
 J - a ring of protection from fire (right tentacle)
 O - an amulet of the gourmand (around mantle)
 X - the ring of Robustness {AC+8}
   (You found it on level 10 of the Dungeon)

   [ring of protection]

   It affects your AC (+8).
Wands
 K - a wand of acid (0/15)
 Q - a wand of paralysis (8/24)
 S - a wand of disintegration (2/24)
Scrolls
 f - 4 scrolls of teleportation
 g - 2 scrolls of remove curse
 l - 2 scrolls of recharging {unknown}
 q - 2 scrolls of fear {unknown}
 s - 4 scrolls of identify
 t - 2 scrolls of immolation {unknown}
 u - 2 scrolls of blinking {unknown}
 v - 2 scrolls of enchant armour {unknown}
 z - a scroll of holy word {unknown}
 B - 5 scrolls of amnesia {unknown}
 C - 2 scrolls of random uselessness {unknown}
 F - a scroll of vulnerability {unknown}
 M - 2 scrolls of magic mapping {unknown}
Potions
 e - 3 potions of mutation
 h - 6 potions of curing
 j - 2 potions of cure mutation {unknown}
 m - a potion of haste {unknown}
 x - 3 potions of berserk rage
 A - a potion of cancellation
 E - 4 potions of degeneration {unknown}
 G - 2 potions of lignification {unknown}
 I - 4 potions of flight
 R - 2 potions of might {unknown}
 U - a potion of resistance {unknown}
Books
 a - a book of Flames

   Spells                             Type                      Level
   a - Flame Tongue                   Conjuration/Fire             1
   b - Throw Flame                    Conjuration/Fire             2
   c - Conjure Flame                  Conjuration/Fire             3
   d - Inner Flame                    Hexes/Fire                   3
   e - Sticky Flame                   Conjuration/Fire             4
   f - Fireball                       Conjuration/Fire             5
 y - a book of Clouds

   Spells                             Type                      Level
   a - Mephitic Cloud                 Conjuration/Poison/Air       3
   b - Conjure Flame                  Conjuration/Fire             3
   c - Poisonous Cloud                Conjuration/Poison/Air       6
   d - Freezing Cloud                 Conjuration/Ice/Air          6
   e - Ring of Flames                 Charms/Fire                  7
 D - a book of Minor Magic

   Spells                             Type                      Level
   a - Magic Dart                     Conjuration                  1
   b - Blink                          Translocation                2
   c - Call Imp                       Summoning                    2
   d - Repel Missiles                 Charms/Air                   2
   e - Slow                           Hexes                        2
   f - Conjure Flame                  Conjuration/Fire             3
   g - Mephitic Cloud                 Conjuration/Poison/Air       3
 W - a Fen Folio

   Spells                             Type                      Level
   a - Corpse Rot                     Necromancy                   2
   b - Stone Arrow                    Conjuration/Earth            3
   c - Leda's Liquefaction            Hexes/Earth                  4
   d - Summon Forest                  Summoning/Translocation      5
   e - Hydra Form                     Transmutation                6
   f - Summon Hydra                   Summoning                    7
Comestibles
 b - 8 bread rations
 i - 4 meat rations
 k - 2 beef jerkies
 o - a slice of pizza
 N - 17 fruits
 T - 13 royal jellies
 V - 5 chunks of flesh


   Skills:
 - Level 2.0 Dodging
 - Level 2.6 Stealth
 + Level 8.9 Spellcasting
 * Level 11.6 Conjurations
 * Level 10.7 Fire Magic


You had 9 spell levels left.
You knew the following spells:

 Your Spells              Type           Power        Failure   Level  Hunger
a - Flame Tongue          Conj/Fire      #####        1%          1    None
b - Conjure Flame         Conj/Fire      ######..     1%          3    None
c - Sticky Flame          Conj/Fire      ######..     1%          4    ###....
d - Blink                 Tloc           N/A          14%         2    None
e - Mephitic Cloud        Conj/Pois/Air  ###.....     6%          3    None
f - Fireball              Conj/Fire      ######....   2%          5    #####..


Dungeon Overview and Level Annotations

Branches:
Dungeon (11/15)            Temple (1/1) D:7             Orc (0/2) D:11
   Lair: D:8-11

Altars:
Ashenzari
Cheibriados
Dithmenos
Elyvilon
Fedhas
Gozag
Kikubaaqudgha
Makhleb
Nemelex Xobeh
Okawaru
Pakellas
Qazlal
Ru
Sif Muna
Trog
Vehumet
Xom
Yredelemnul
Zin
The Shining One

Shops:
D:5 (   D:7 (   D:8 [   D:9 [

Annotations:
D:5 Pikel


Innate Abilities, Weirdness & Mutations

You cannot wear most types of armour.
You are amphibious.
You can wear up to eight rings at the same time.
You can use your tentacles to constrict eight enemies at once.
Your skin changes colour to match your surroundings (Stealth).
Your rubbery body absorbs attacks (AC +1).
You have a pair of small antennae on your head.
You often lose your temper in combat.
You are clumsy. (Dex -2)


Message History

Unknown command.
Casting: Flame Tongue
Confirm with . or Enter, or press ? or * to list all spells.
Aiming: Sticky Flame
Press: ? - help, Shift-Dir - straight line, f - manticore
Aim: a manticore The sticky flame hits the manticore.
The manticore is moderately wounded.
The manticore is covered in liquid flames!
The orc shouts!
The manticore burns!
The orc wizard gestures wildly while chanting.
The orc wizard seems to speed up.
The manticore closely misses you. The manticore claws you.
The manticore claws you!
* * * LOW HITPOINT WARNING * * *
Unknown command.
Unknown command.
Unknown command.
The manticore burns!
The manticore bites you!!
You die...

#########
#.......#
#.......#
#.......#
#.......#
.....o..#
.....o.@#
.o....H.#
.......)#
.######.#
##..#
#...#
.>.# ..†#
##'##


You could see a manticore (burning), an orc wizard and 2 orcs.

Vanquished Creatures
  Gastronok (D:8)
  Joseph (D:8)
  Maurice (D:9)
  A queen bee (D:9)
  2 two-headed ogres (D:9)
  A troll (D:11)
  A boulder beetle (D:8)
  3 wyverns
  A yak (D:9)
  2 humans (D:7)
  A hippogriff (D:7)
  A hungry ghost (D:9)
  Menkaure (D:7)
  2 wargs (D:11)
  An orc warrior (D:6)
  5 ice beasts
  5 phantoms
  An eye of draining (D:8)
  4 sky beasts
  A black bear (D:9)
  A necrophage (D:8)
  4 ogres
  2 centaurs (D:7)
  A big kobold (D:7)
  A giant frog (D:7)
  4 scorpions
  28 killer bees (D:9)
  14 wights
  5 howler monkeys
  2 crimson imps
  4 centaur zombies (Ossuary)
  A quasit (D:9)
  2 giant frog skeletons
  4 hounds
  Crazy Yiuf (D:7)
  2 centaur skeletons
  6 orc priests
  2 jellies
  6 orc wizards
  Jessica (D:3)
  5 iguanas
  11 worker ants
  Natasha (thrice) (D:2)
  2 big kobold zombies (Ossuary)
  2 hound zombies
  A hound skeleton (D:8)
  3 mummies
  Robin (D:2)
  12 adders
  A gnoll (D:1)
  2 shadow imps
  2 adder skeletons
  2 adder zombies
  2 worms (D:2)
  3 dart slugs
  7 giant geckos
  27 orcs
  9 bats
  3 giant cockroaches
  17 goblins
  8 hobgoblins
  23 jackals
  6 quokkas
  4 ball pythons (D:8)
  A giant gecko skeleton (D:7)
  A giant gecko zombie (D:6)
  3 giant newts
  4 goblin zombies (Ossuary)
  8 hobgoblin zombies (Ossuary)
  A jackal skeleton (D:6)
  A jackal zombie (D:8)
  13 kobolds
  9 kobold zombies (Ossuary)
  6 orc zombies (Ossuary)
  A quokka skeleton (D:9)
  9 rats
340 creatures vanquished.

Vanquished Creatures (others)
  An orc wizard (D:4)
  2 orcs (D:4)
  A withered plant (D:3)
4 creatures vanquished.

Grand Total: 344 creatures vanquished

Notes
Turn   | Place    | Note
--------------------------------------------------------------
     0 | D:1      | Moloch the Octopode Fire Elementalist began the quest for the Orb.
     0 | D:1      | Reached XP level 1. HP: 11/11 MP: 3/3
   142 | D:1      | Reached XP level 2. HP: 17/17 MP: 3/5
   664 | D:1      | Reached XP level 3. HP: 21/21 MP: 3/6
  1171 | D:2      | Found a faded altar to an unknown god.
  1177 | D:2      | Reached skill level 2 in Conjurations
  1277 | D:2      | Found a bloodstained altar of Trog.
  1334 | D:2      | Reached XP level 4. HP: 27/27 MP: 4/7
  1432 | D:2      | Found a burning altar of Makhleb.
  1432 | D:2      | Noticed a blizzard demon
  1435 | D:2      | Noticed a smoke demon
  1435 | D:2      | Noticed a ynoxinul
  1473 | D:2      | Noticed Natasha
  1479 | D:2      | Killed Natasha
  1573 | D:2      | Learned a level 3 spell: Conjure Flame
  1578 | D:2      | Learned a level 4 spell: Sticky Flame
  1615 | D:2      | Found a sacrificial altar of Ru.
  1814 | D:2      | Reached XP level 5. HP: 28/31 MP: 6/9
  2033 | D:2      | Noticed Robin
  2074 | D:2      | Killed Robin
  2192 | D:2      | Noticed Natasha
  2197 | D:2      | Killed Natasha
  2197 | D:2      | Reached skill level 3 in Conjurations
  2222 | D:2      | Noticed Natasha
  2228 | D:2      | Killed Natasha
  2413 | D:3      | Noticed Jessica
  2427 | D:3      | Killed Jessica
  2427 | D:3      | Reached XP level 6. HP: 36/36 MP: 6/11
  2674 | D:3      | Found an ancient bone altar of Kikubaaqudgha.
  2687 | D:3      | Reached skill level 4 in Conjurations
  2756 | D:3      | Found a shimmering altar of Xom.
  2756 | D:3      | Found a shimmering altar of Xom.
  2756 | D:3      | Found a shimmering altar of Xom.
  2756 | D:3      | Found a shimmering altar of Xom.
  2756 | D:3      | Found a shimmering altar of Xom.
  2758 | D:3      | Found a shimmering altar of Xom.
  3269 | D:4      | Reached XP level 7. HP: 28/41 MP: 3/12
  3370 | D:4      | Reached skill level 5 in Fire Magic
  3455 | D:4      | Found a sand-covered staircase.
  3475 | Ossuary  | Entered an ossuary
  3598 | Ossuary  | Reached skill level 5 in Conjurations
  3870 | Ossuary  | Noticed Zebura's ghost (amateur OgBe)
  4165 | D:4      | Noticed a hippogriff
  4173 | D:4      | Reached XP level 8. HP: 46/46 MP: 8/14
  4411 | D:4      | Learned a level 2 spell: Blink
  4415 | D:4      | Learned a level 3 spell: Mephitic Cloud
  4475 | D:4      | Reached skill level 6 in Conjurations
  5015 | D:5      | Entered Level 5 of the Dungeon
  5126 | D:5      | Found a basalt altar of Yredelemnul.
  5142 | D:5      | Reached skill level 5 in Spellcasting
  5308 | D:5      | Found Ucvoustre's Weapon Shoppe.
  5394 | D:5      | Reached skill level 7 in Conjurations
  5744 | D:5      | Noticed Pikel
  6462 | D:6      | Reached XP level 9. HP: 48/51 MP: 12/17
  6563 | D:6      | Learned a level 5 spell: Fireball
  6840 | D:6      | Reached skill level 8 in Conjurations
  7284 | D:7      | Found a white marble altar of Elyvilon.
  7322 | D:7      | Found Sopumi's Antique Weapon Emporium.
  7338 | D:7      | Bought a glowing hunting sling for 36 gold pieces
  7338 | D:7      | Bought a runed hunting sling for 36 gold pieces
  8150 | D:7      | Reached skill level 9 in Conjurations
  8150 | D:7      | Reached XP level 10. HP: 56/56 MP: 16/20
  8240 | D:7      | Noticed Crazy Yiuf
  8250 | D:7      | Killed Crazy Yiuf
  8338 | D:7      | Noticed Menkaure
  8351 | D:7      | Killed Menkaure
  8796 | D:7      | Found a staircase to the Ecumenical Temple.
  8803 | Temple   | Entered the Ecumenical Temple
  8922 | Temple   | Became a worshipper of Vehumet
  9206 | D:7      | Found an iron altar of Okawaru.
  9422 | D:8      | Noticed Gastronok
  9450 | D:8      | Killed Gastronok
  9450 | D:8      | Reached skill level 10 in Conjurations
  9635 | D:8      | Gained mutation: You have a pair of small antennae on your head. [mutagenic meat]
  9852 | D:8      | Noticed Joseph
 10126 | D:8      | Killed Joseph
 10183 | D:8      | Found Kalo's Armour Shop.
 10311 | D:8      | Reached XP level 11. HP: 61/61 MP: 12/23
 10473 | D:8      | Reached * piety under Vehumet
 10473 | D:8      | Offered knowledge of Sting by Vehumet.
 10638 | D:8      | Reached skill level 10 in Fire Magic
 11208 | D:9      | Gained mutation: You tend to lose your temper in combat. [mutagenic meat]
 11209 | D:9      | Gained mutation: You often lose your temper in combat. [mutagenic meat]
 11210 | D:9      | Gained mutation: You are clumsy. (Dex -2) [mutagenic meat]
 11254 | D:9      | Noticed Maurice
 11347 | D:9      | Killed Maurice
 11523 | D:9      | Found a glowing golden altar of the Shining One.
 11652 | D:9      | Reached skill level 11 in Conjurations
 11799 | D:9      | Found Xulixkoomo's Antique Armour Shoppe.
 12227 | D:9      | Offered knowledge of Shock by Vehumet.
 12237 | D:9      | Reached ** piety under Vehumet
 12864 | D:9      | Found a blossoming altar of Fedhas.
 13053 | D:10     | Entered Level 10 of the Dungeon
 13547 | D:11     | Found a staircase to the Orcish Mines.
 13569 | D:11     | Noticed a manticore
 13709 | D:11     | Mangled by a manticore

Skill      XL: |  1  2  3  4  5  6  7  8  9 10 11 |
---------------+----------------------------------+-----
Conjurations   | 2 3 4 5 7 9 10 11 | 11.6
Fire Magic     | 4 5 6 8 9 10 | 10.7
Spellcasting   | 3 4 5 6 8 |  8.9
Dodging        | |  2.0
Stealth        | |  2.6

Action                   |  1- 3 |  4- 6 |  7- 9 | 10-12 || total
-------------------------+-------+-------+-------+-------++-------
Melee: Dagger            |    11 |    82 |    63 |     5 ||   161
       Tentacles         |     2 |    10 |    12 |     2 ||    26
       Constrict         |     1 |    22 |    19 |     1 ||    43
 Fire: Hunting sling     |       |       |    24 |    64 ||    88
       Blowgun           |       |       |       |    32 ||    32
Throw: Stone             |       |       |       |     4 ||     4
 Cast: Flame Tongue      |    32 |    66 |   276 |   231 ||   605
       Sticky Flame      |       |     3 |    16 |    30 ||    49
       Conjure Flame     |       |     1 |    15 |    11 ||    27
       Mephitic Cloud    |       |       |       |    16 ||    16
       Fireball          |       |       |       |    19 ||    19
  Use: Scroll            |       |       |     8 |     1 ||     9
       Potion            |       |       |       |     3 ||     3
 Stab: Sleeping          |     4 |     2 |     2 |       ||     8
       Distracted        |       |       |     1 |       ||     1
  Eat: Chunk             |     2 |     6 |    17 |    44 ||    69
       Fruit             |       |       |     1 |       ||     1
       Pizza             |       |       |     1 |       ||     1
Armor: Skin              |     3 |    11 |     8 |     1 ||    23
Dodge: Dodged            |    10 |    46 |    77 |    55 ||   188
